Map: Protocolo central

Players

xXkazperXx

  • Race: Zerg Zerg

RANURA DE IA (Media) - Winner!

  • Race: Terran Terran

VOD

Have the link to the VOD?

Description

Time

  • Played on: March 6, 2016, 9:35 a.m.
  • Length: 25:54
Show
View Real Time Build Order
Export as new Build Order

xXkazperXx Zerg 

Build Orders: Pool First 

Get SALT Encoding   

  12  0:02  Drone  
  13  0:13  Drone  
  14  0:17  Overlord  
  14  0:36  Spawning Pool  
  14  0:37  Drone  
  14  0:41  Drone  
  15  0:50  Extractor  
  14  0:57  Drone x2  
  17  1:04  Drone  
  17  1:17  Drone  
  18  1:25  Queen  
  18  1:29  Zergling x2  
  21  1:35  Drone  
  22  1:48  Overlord, Hatchery  
  21  2:02  Drone  
  22  2:16  Roach Warren  
  21  2:24  Evolution Chamber  
  21  2:26  Drone x2  
  22  2:30  Overlord  
  22  2:47  Zergling x4  
  22  2:48  Zergling x2  
  25  2:54  Zergling x2  
  26  3:01  Drone  
  27  3:13  Zergling x2  
  27  3:14  Zergling x6  
  27  3:18  Metabolic Boost  
  31  3:28  Zerg Melee Weapons Level 1  
  31  3:30  Drone  
  31  3:31  Drone  
  33  3:34  Drone x2  
  33  3:35  Drone  
  36  3:51  Pneumatized Carapace  
  36  3:57  Drone x2  
  38  4:09  Baneling Nest  
  37  4:20  Drone  
  37  4:21  Drone x2  
  40  4:34  Queen  
  42  4:40  Zergling x2  
  43  4:58  Lair  
  43  5:05  Drone  
  44  5:09  Overlord x2  
  39  5:51  Roach  
  39  5:52  Roach x2  
  39  5:55  Roach x4  
  39  5:56  Roach x3  
  59  5:59  Overlord  
  59  6:00  Overlord x2  
  59  6:20  Drone x3  
  59  6:22  Drone x2  
  64  6:33  Extractor  
  64  6:38  Glial Reconstitution  
  63  7:00  Drone  
  63  7:01  Drone x5  
  68  7:07  Extractor  
  68  7:12  Extractor  
  67  7:27  Zergling x6  
  70  7:42  Hydralisk Den  
  69  7:58  Drone x3  
  72  8:16  Hatchery  
  71  8:30  Hydralisk x2  
  71  8:32  Overlord x3  
  71  8:33  Hatchery  
  74  8:42  Spire  
  73  8:50  Drone x2  
  73  8:51  Drone x3  
  78  9:31  Hydralisk x3  
  78  9:36  Hydralisk x5  
  94  9:45  Drone x2  
  96  9:55  Drone  
  93  10:23  Drone x3  
  93  10:24  Drone x3  
  99  10:36  Queen  
  99  10:39  Drone  
  99  10:41  Drone x4  
  99  10:42  Drone x2  
  108  10:50  Drone  
  108  10:51  Drone x3  
  108  10:56  Overlord x2  
  108  10:57  Overlord  
  112  11:13  Hatchery  
  112  11:14  Drone  
  112  11:15  Drone x3  
  115  11:25  Hydralisk x3  
  117  11:29  Extractor  
  117  11:31  Drone x2  
  117  11:32  Drone  
  123  11:35  Hydralisk x3  
  123  11:38  Overlord x2  
  123  11:39  Overlord  
  129  11:53  Infestation Pit  
  128  11:56  Zergling x2  
  129  12:14  Zerg Melee Weapons Level 2  
  129  12:19  Lurker Den  
  129  12:23  Zerg Flyer Weapons Level 1  
  129  12:25  Hydralisk x2  
  129  12:26  Hydralisk  
  135  12:37  Zergling x6  
  135  12:40  Zergling x6  
  135  12:42  Zergling x6  
  144  12:45  Drone x2  
  144  12:47  Queen  
  148  12:52  Hive  
  148  12:55  Burrow  
  148  13:04  Drone  
  148  13:05  Drone  
  150  13:08  Extractor  
  150  13:10  Drone  
  150  13:33  Drone x2  
  152  13:53  Overlord x6  
  152  13:59  Overseer  
  152  14:06  Queen  
  152  14:07  Drone x2  
  152  14:08  Drone  
  157  14:12  Extractor  
  156  14:18  Drone x3  
  159  14:29  Drone x6  
  133  15:14  Ultralisk Cavern  
  132  15:19  Nydus Network  
  131  15:44  Greater Spire  
  131  15:47  Hydralisk x3  
  137  15:59  Ravager x2  
  137  16:03  Lurker x4  
  143  16:07  Zergling x6  
  143  16:08  Zergling x2  
  147  16:15  Zergling x4  
  147  16:16  Zergling x8  
  153  16:18  Zergling x4  
  153  16:19  Zergling x2  
  153  16:22  Zergling x10  
  161  16:29  Extractor  
  161  16:30  Drone  
  161  16:57  Drone x2  
  161  16:58  Drone x4  
  167  17:08  Mutalisk x2  
  167  17:09  Mutalisk x4  
  179  17:39  Spore Crawler x2  
  177  17:47  Spore Crawler  
  151  18:07  Lurker  
  151  18:08  Lurker  
  151  18:11  Lurker  
  154  18:25  Spore Crawler  
  153  18:29  Spore Crawler  
  153  18:32  Spore Crawler  
  151  18:34  Spore Crawler  
  151  18:35  Spine Crawler  
  151  18:38  Spine Crawler  
  148  19:01  Centrifical Hooks  
  148  19:05  Zerg Flyer Weapons Level 2  
  148  19:09  Muscular Augments  
  148  19:10  Chitinous Plating  
  148  19:21  Nydus Canal  
  148  19:34  Zergling x10  
  153  21:02  Nydus Canal  
  100  21:36  Hydralisk x6  
  100  21:38  Hydralisk  
  100  21:39  Hydralisk x5  
  121  22:51  Extractor  
  121  22:55  Hatchery  
  121  22:56  Hydralisk x3  
  121  22:57  Hydralisk x2  
  129  22:59  Hydralisk x5  
  129  23:02  Mutalisk x4  
  129  23:03  Mutalisk  
  129  23:04  Mutalisk x3  
  155  23:07  Mutalisk x2  
  155  23:08  Mutalisk  
  161  23:40  Hydralisk  
  161  23:41  Hydralisk x2  
  163  23:42  Hydralisk x3  
  173  23:49  Ultralisk x3  
  173  23:50  Ultralisk  
  173  23:54  Corruptor  
  199  24:25  Extractor  
  199  24:26  Extractor  
  197  24:39  Drone x3  
  186  25:25  Corruptor  
  87  25:50  Hatchery  
Show
View Real Time Build Order
Export as new Build Order

RANURA DE IA (Media) Terran - Winner!

Build Orders:  

Get SALT Encoding   

  12  0:00  SCV  
  13  0:13  SCV  
  14  0:18  Supply Depot  
  14  0:25  SCV  
  15  0:40  SCV  
  15  0:42  Barracks  
  16  0:49  Refinery  
  16  0:52  SCV  
  17  1:04  SCV  
  18  1:17  Supply Depot  
  18  1:29  Orbital Command  
  18  1:30  Marine  
  19  1:34  Barracks  
  19  1:43  Refinery  
  19  1:49  Barracks Tech Lab  
  19  2:07  Marine  
  20  2:10  Supply Depot  
  20  2:25  Marauder  
  20  2:27  Marine  
  24  2:30  SCV  
  24  2:42  Engineering Bay, SCV  
  25  2:45  Marine  
  25  2:49  Marauder  
  28  2:54  SCV  
  28  2:56  Supply Depot  
  29  3:06  SCV  
  29  3:10  Marauder  
  32  3:18  SCV  
  33  3:30  SCV  
  33  3:32  Marauder  
  36  4:58  Barracks Tech Lab  
  36  4:59  Marine, SCV  
  38  5:01  Factory  
  38  5:05  Factory  
  38  5:07  Missile Turret  
  38  5:09  Missile Turret, Command Center  
  38  5:13  Barracks  
  38  5:16  Supply Depot  
  38  5:17  Marine  
  38  5:28  Bunker  
  38  5:36  Marine, SCV  
  38  5:39  Supply Depot  
  32  5:49  Marine, Starport, Factory Tech Lab x2  
  29  6:02  Marine  
  30  6:15  Marine  
  31  6:21  SCV  
  31  6:23  Sensor Tower  
  31  6:24  SCV  
  33  6:29  Refinery, Starport Tech Lab, Marauder  
  33  6:31  Missile Turret  
  35  6:33  SCV  
  35  6:35  Missile Turret  
  35  6:36  SCV  
  37  6:41  Marauder  
  37  6:45  SCV  
  37  6:46  Armory  
  40  6:47  Raven  
  40  6:49  SCV  
  40  6:53  Barracks Reactor  
  43  6:54  Siege Tank  
  43  6:58  SCV  
  43  7:00  Bunker  
  47  7:02  SCV  
  47  7:07  Siege Tank  
  51  7:10  SCV  
  51  7:14  SCV  
  53  7:22  SCV  
  54  7:26  Cyclone, SCV  
  58  7:30  Raven  
  58  7:34  SCV  
  61  7:38  SCV  
  62  7:46  SCV  
  62  7:48  Refinery  
  62  7:50  SCV  
  64  7:58  SCV  
  65  8:02  SCV  
  66  8:10  SCV  
  67  8:14  SCV  
  68  8:22  SCV  
  68  8:27  SCV  
  70  8:29  Supply Depot  
  70  8:34  SCV  
  71  9:23  Viking  
  73  9:25  Stimpack, Combat Shields  
  73  9:26  Terran Infantry Weapons Level 1  
  73  9:28  Starport  
  73  9:31  Marine, Supply Depot  
  73  9:32  Ghost Academy  
  73  9:35  Engineering Bay, Command Center  
  73  9:39  Marine  
  73  9:40  Fusion Core  
  74  9:49  Armory  
  74  9:50  Marauder  
  76  9:53  Medivac  
  76  9:54  Supply Depot  
  76  9:57  Marauder  
  80  10:00  Terran Infantry Armor Level 1  
  80  10:03  Siege Tank  
  80  10:04  Medivac  
  80  10:11  Marauder  
  66  10:19  Marine  
  65  10:23  Raven  
  65  10:26  Marine  
  68  10:34  Marine  
  68  10:35  Starport Tech Lab  
  70  10:43  Marauder  
  70  10:44  Concussive Shells  
  70  10:47  SCV  
  71  10:50  Marine, Refinery, SCV  
  71  10:53  SCV, Raven  
  71  10:56  Missile Turret  
  76  10:58  Marine  
  76  10:59  Missile Turret, SCV  
  76  11:02  SCV  
  76  11:03  Refinery  
  79  11:05  SCV  
  79  11:06  Marine, Raven  
  83  11:11  SCV  
  83  11:14  Siege Tank, SCV  
  88  11:20  Bunker  
  88  11:22  Ghost  
  90  11:30  Siege Tank  
  93  11:38  Viking  
  95  11:46  Cyclone  
  98  13:56  Marine  
  98  13:57  Terran Infantry Weapons Level 2  
  98  13:58  Terran Infantry Armor Level 2, Terran Vehicle Weapons Level 1  
  98  13:59  Marine, Terran Ship Weapons Level 1  
  98  14:01  Marine  
  101  14:03  Marine  
  101  14:05  Supply Depot  
  101  14:07  Command Center  
  102  14:14  Marine  
  102  14:17  Marine  
  103  14:19  Marine  
  103  14:21  Marine  
  106  14:30  Supply Depot  
  103  14:32  Marine  
  103  14:34  Raven  
  103  14:35  Marauder  
  103  14:37  Marine  
  100  14:39  Marine  
  100  14:45  Raven  
  82  14:50  Marine  
  71  14:54  Marine  
  71  14:56  Marine  
  71  14:57  Marine  
  74  15:08  Marauder  
  74  15:12  Marine  
  77  15:14  Marine, Marauder  
  77  15:17  Raven  
  77  15:21  SCV  
  131  15:28  Medivac  
  83  15:29  Marine  
  83  15:30  Marine  
  83  15:31  Refinery  
  83  15:32  Marine  
  83  15:35  Ghost  
  90  15:42  Missile Turret  
  90  15:43  Missile Turret  
  90  15:45  Refinery  
  90  15:47  Marauder  
  92  15:53  Terran Vehicle And Ship Armor Level 1  
  92  15:54  Terran Vehicle Weapons Level 2  
  92  15:58  Medivac  
  92  16:03  Ghost  
  96  16:04  Bunker  
  96  16:09  Marauder  
  98  16:15  Terran Infantry Weapons Level 3  
  98  16:16  Terran Infantry Armor Level 3  
  98  16:30  Marauder  
  100  17:46  Marine  
  100  17:47  Terran Vehicle And Ship Armor Level 2  
  100  17:49  Marine  
  100  17:50  Raven  
  85  17:52  Marine  
  85  17:55  Marine, Raven  
  62  18:04  Marine  
  63  18:07  Marine  
  63  18:10  Marine  
  65  18:13  Marine  
  66  18:22  Marine  
  66  18:26  Marauder  
  69  18:28  Marine  
  69  18:31  Marine  
  69  18:32  Raven  
  73  18:38  Medivac  
  73  18:40  Marauder  
  77  18:46  Marine x2  
  79  18:49  Marine  
  80  18:57  Command Center  
  80  19:01  Marine  
  81  19:04  Marine, Ghost  
  81  19:07  Marine  
  81  19:08  Medivac  
  87  19:19  Marine  
  87  19:21  Marine  
  89  19:24  Marine  
  90  19:33  Marauder  
  90  19:36  Ghost  
  94  19:55  Marauder  
  96  20:06  Marauder  
  98  20:16  Marauder  
  98  20:20  Refinery  
  100  20:22  Missile Turret  
  100  20:25  Missile Turret  
  100  20:27  Refinery  
  100  20:43  Siege Tank  
  100  20:46  Bunker  
  100  20:48  Siege Tank  
  106  21:15  Thor  
  104  21:20  Marine, Hellion, Raven  
  104  21:25  Marine  
  97  21:30  Marine  
  89  21:35  Marine  
  89  21:36  Raven  
  82  21:40  Marine  
  82  21:45  Marine  
  84  21:50  Marine  
  85  21:55  Marine  
  85  22:00  Marine  
  87  22:03  Raven  
  87  22:05  Marine  
  90  22:10  Siege Tank  
  96  22:15  Siege Tank  
  96  22:20  Marine  
  95  22:25  Marine  
  95  22:27  Raven  
  96  22:43  Hellion  
  98  22:47  Siege Tank  
  101  23:04  Siege Tank  
  104  23:19  Siege Tank  
  107  23:36  Siege Tank  
  110  23:57  Command Center  
  110  25:21  Marine  
  110  25:26  Marine  
  96  25:33  Refinery  
  91  25:39  Missile Turret  
  81  25:43  Refinery, Missile Turret  
Tags
 
Add a new tag
Caveats
  • Supply blocks, unpowered buildings, or Contaminate may cause inaccurate times.
  • Supply counts are checked every 10 seconds.